 Dungeon Crawl Stone Soup version 0.23-a0-171-g5ae17c6e89 (webtiles) character file.

23 PikkenKukken the Covered (level 2, -1/28 HPs)
             Began as a Deep Dwarf Fighter on Sept 14, 2018.
             Slain by Sigmund
             ... wielding a +6 scythe of pain
              (13 damage)
             ... on level 2 of the Dungeon.
             The game lasted 00:01:09 (788 turns).

PikkenKukken the Covered (Deep Dwarf Fighter)        Turns: 788, Time: 00:01:10

Health: -1/28      AC:  6    Str: 24    XL:     2   Next: 72%
Magic:  2/2        EV:  7    Int:  8    God:
Gold:   56         SH:  9    Dex: 12    Spells: 1/1 levels left

rFire    + . .     SeeInvis .   a - +0 war axe
rCold    x . .     Gourm    .   c - +0 shield
rNeg     . . .     Faith    +   b - +0 scale mail
rPois    .         Spirit   .   (no helmet)
rElec    .         Reflect  .   (no cloak)
rCorr    .         Harm     .   (no gloves)
MR       .....                  (no boots)
Stlth    ..........             g - amulet of faith
HPRegen  0.00/turn              e - ring of fire
MPRegen  0.08/turn              (no ring)

@: mighty, non-regenerating
A: damage resistance, heal wounds, sense surroundings 1, no regeneration
a: Heal Wounds


You were on level 2 of the Dungeon.
You were not hungry.

You visited 1 branch of the dungeon, and saw 2 of its levels.

You collected 56 gold pieces.

Inventory:

Hand Weapons
 a - a +0 war axe (weapon)
Armour
 b - a +0 scale mail (worn)
 c - a +0 shield (worn)
Jewellery
 e - a ring of fire (left hand)
 g - an amulet of faith (around neck)
 m - an uncursed amulet of regeneration {unknown}
Scrolls
 l - a scroll of teleportation
Potions
 h - a potion of resistance {unknown}
 j - a potion of haste {unknown}
 k - a potion of ambrosia {unknown}
Comestibles
 f - a ration


   Skills:
 + Level 3.0 Fighting
 * Level 3.0 Axes
 + Level 3.6 Armour
 - Level 3.2 Shields


You had one spell level left.
You didn't know any spells.
Your spell library was empty.

Dungeon Overview and Level Annotations

Branches:
Dungeon (2/15)

Altars:

Annotations:
D:2 Sigmund


Innate Abilities, Weirdness & Mutations

You are resistant to damage.
You can heal yourself by infusing magical energy.
You passively map a small area around you.
You do not regenerate.


Message History

You are too injured to fight recklessly!
You are too injured to fight recklessly!
You are too injured to fight recklessly!
You are too injured to fight recklessly!
You are too injured to fight recklessly!
You are too injured to fight recklessly!
You are too injured to fight recklessly!
You are too injured to fight recklessly!
You are too injured to fight recklessly!
You are too injured to fight recklessly!
You are too injured to fight recklessly!
You are too injured to fight recklessly!
You are too injured to fight recklessly!
You feel very mighty all of a sudden. You block the jackal's attack. x2
You closely miss the jackal. Sigmund closely misses you.
You block the jackal's attack. x2
You barely miss the jackal. You block the jackal's attack.
Sigmund hits you from afar with a scythe of pain!
You die...

,
.................
.................
.................
,#............%...
,
#................
, ....!..........#
, .#+#....@##...##
, ,* #....<#h#*
..#* * ........#@#
,# , *
........#+#,, ,
#........ , ,
......... ,,
.......... , , ,
..........
..%........ * , ,


You could see Sigmund and a jackal.

Vanquished Creatures
  An ooze (D:2)
  A dart slug (D:1)
  2 bats (D:1)
  A giant cockroach (D:1)
  A goblin (D:1)
  2 hobgoblins (D:1)
  4 jackals
  A frilled lizard (D:1)
  2 rats (D:1)
15 creatures vanquished.

Notes
Turn   | Place    | Note
-------+----------+-------------------------------------------
     0 | D:1      | PikkenKukken the Deep Dwarf Fighter began the quest for the
                  | Orb.
     0 | D:1      | Reached XP level 1. HP: 20/20 MP: 1/1
   458 | D:1      | Reached XP level 2. HP: 24/27 MP: 2/2
   781 | D:2      | Noticed Sigmund
   788 | D:2      | Slain by Sigmund

Vault maps used:
D:1:      erik_arrival_triangle_small
D:2:      uniq_robin, uniq_sigmund

Skill      XL: |  1  2 |
---------------+-------+-----
Axes           | 3 |  3.0
Fighting       | 3 |  3.0
Armour         | |  3.6
Shields        | |  3.2

Action                   || total
-------------------------++-------
Melee: War axe           ||    45
  Use: Scroll            ||     4
       Potion            ||     1
Armor: Scale mail        ||    14
Dodge: Dodged            ||    15
Block: Shield            ||    25

Table legend:
 A = Non-vault XP
 B = Vault XP
 C = Vault XP percentage of total XP
 D = Non-vault monster count
 E = Vault monster count
 F = Vault count percentage of total count
                 A         B        C        D         E       F
            +---------+---------+-------+---------+---------+-------
      Total |      33 |       0 |   0.0 |      15 |       0 |   0.0
            +---------+---------+-------+---------+---------+-------
        D:1 |      24 |       0 |   0.0 |      13 |       0 |   0.0
        D:2 |       9 |       0 |   0.0 |       2 |       0 |   0.0
            +---------+---------+-------+---------+---------+-------
